 Dungeon Crawl Stone Soup version 0.31-a0-845-g9abc20d24f (webtiles) character file.

Game seed: 6385012452252730105

43 javelincjr the Ruffian (level 3, 0/40 HPs)
             Began as a Demonspawn Shapeshifter on Oct 2, 2023.
             Was a Follower of Lugonu.
             Succumbed to an orc wizard's poison
             ... on level 3 of the Dungeon.
             The game lasted 00:04:13 (1609 turns).

javelincjr the Ruffian (Demonspawn Shapeshifter)    Turns: 1609, Time: 00:04:14

Health: 0/40       AC: 21    Str: 16    XL:     3   Next: 37%
Magic:  3/3        EV:  2    Int: 11    God:    Lugonu [*.....]
Gold:   132        SH:  0    Dex: 12    Spells: 2/2 levels left

rFire   . .          .
                       - Unarmed
rCold   . . .        (no shield)
rNeg    . . .        a - melded +0 animal skin
rPois   +            (helmet currently unavailable)
rElec   .            (cloak currently unavailable)
rCorr   .            (gloves currently unavailable)
SInv    .            (boots currently unavailable)
Will    .....        (no amulet)
Stlth   +            (no ring)
HPRegen 0.26/turn    (no ring)
MPRegen 0.08/turn

%: no passive effects
@: lethally poisoned (0 -> -9), tree-form
A: stationary, stasis, torment immunity, boosted hp, (antennae 1), foul stench 1
a: Renounce Religion, Depart the Abyss


You were on level 3 of the Dungeon.
You worshipped Lugonu.
Lugonu was aware of your devotion.
You were a tree.
You visited 1 branch of the dungeon, and saw 3 of its levels.

You collected 132 gold pieces.

Inventory:

Armour
 a - a +0 animal skin (melded)
 h - a +0 cloak
 m - a +0 pair of boots
 n - a +0 chain mail
Talismans
 c - a beast talisman
 d - a flux talisman
 k - a blade talisman
Scrolls
 l - a scroll of immolation
 q - a scroll of enchant armour {unknown}
Potions
 b - a potion of lignification
 e - a potion of enlightenment {unknown}
 f - a potion of attraction {unknown}
 g - a potion of haste {unknown}
 i - a potion of might {unknown}
 j - a potion of curing
 o - a potion of ambrosia {unknown}
 p - a potion of cancellation {unknown}
 r - a potion of invisibility {unknown}


   Skills:
 + Level 1.7 Fighting
 + Level 2.2 Dodging
 + Level 3.1 Unarmed Combat
 + Level 0.2 Invocations
 * Level 3.0 Shapeshifting


You had 2 spell levels left.
You didn't know any spells.
Your spell library contained the following spells:

 Spells                   Type           Power      Damage    Failure   Level
 Poisonous Vapours        Pois/Air       0%         N/A       47%         2
 Mephitic Cloud           Conj/Pois/Air  0%         N/A       71%         3
 Freezing Cloud           Conj/Ice/Air   0%         6-21      100%        5


Dungeon Overview and Level Annotations

Branches:
Dungeon (3/15)

Altars:
Lugonu


Innate Abilities, Weirdness & Mutations

You are a tree.
Your roots penetrate the ground, keeping you stationary.
You cannot be teleported.
You are immune to unholy pain and torment.
Your maximum health is greatly increased.
Your equipment is partially melded.
((You have a pair of small antennae on your head.))
You may rarely emit foul miasma when damaged in melee.


Message History

You are lethally poisoned!
The orc closely misses you.
* * * LOW HITPOINT WARNING * * *
You feel sick. Something hits you but does no damage.
The orc attacks as it pursues you! The orc barely misses you.
You miss the orc.
The orc is almost dead.
* * * LOW HITPOINT WARNING * * *
You feel sick.
You're too confused to move!
* * * LOW HITPOINT WARNING * * *
You feel sick. The orc hits you but does no damage. Something hits you.
* * * LOW HITPOINT WARNING * * *
You are more poisoned.
You feel better. Something hits you.
* * * LOW HITPOINT WARNING * * *
The orc hits you with a +0 dagger.
* * * LOW HITPOINT WARNING * * *
Your transformation has ended.
You turn into a tree.
Your +0 animal skin melds into your body.
Your roots penetrate the ground.
The orc hits you but does no damage. Something hits you but does no damage.
You smack the orc!
You kill the orc!
Lugonu accepts your kill. Something hits you but does no damage.
You cannot move.
You cannot move.
You cannot move.
You cannot move.
You miss something. Something hits you but does no damage.
You barely miss something. Something hits you.
* * * LOW HITPOINT WARNING * * *
You emit a cloud of foul miasma!
You miss something. Something hits you.
* * * LOW HITPOINT WARNING * * *
You are lethally poisoned!
You barely miss something.
You die...

### #>. #.#
##### #.#
#<..# #.#
###.####.#
#......###.##.
#....).)......
#....♣{.......
#..$..........
#.............
#.............
#..........###
#............
#............
#............


There were no monsters in sight!

Vanquished Creatures
  A worm (D:2)
  A dart slug (D:2)
  3 orcs (D:3)
  4 endoplasms
  3 giant cockroaches (D:1)
  4 goblins
  A hobgoblin (D:1)
  3 quokkas
  4 ball pythons
  A bat (D:1)
  4 frilled lizards
  A kobold (D:1)
  3 rats
33 creatures vanquished.

Notes
Turn   | Place    | Note
-------+----------+-------------------------------------------
     0 | D:1      | javelincjr the Demonspawn Shapeshifter began the quest for
                  | the Orb.
     0 | D:1      | Reached XP level 1. HP: 15/15 MP: 1/1
   355 | D:1      | Found a faded altar of an unknown god.
   376 | D:1      | Gained mutation: You may rarely emit foul miasma when
                  | damaged in melee. [demonic ancestry]
   376 | D:1      | Reached XP level 2. HP: 17/21 MP: 2/2
   388 | D:1      | Prayed at the altar of an unknown god.
   388 | D:1      | Became a worshipper of Lugonu the Unformed
   388 | D:1      | Reached * piety under Lugonu
  1199 | D:2      | HP: 1/21 [frozen (5)]
  1201 | D:2      | Gained mutation: You have a pair of small antennae on your
                  | head. [demonic ancestry]
  1201 | D:2      | Reached XP level 3. HP: 1/26 MP: 3/3
  1595 | D:3      | HP: 1/27 [something (2)]
  1602 | D:3      | HP: 1/27 [something (1)]
  1609 | D:3      | Succumbed to an orc wizard's poison

Illustrated notes

Levels and vault maps discovered:
D:1:      dpeg_arrival_tiny_a, layout_loops_ring,
          hellmonk_ecumenical_altar_pennies_from_heaven
D:2:      layout_loops_ring
D:3:      layout_basic, mainiacjoe_overflow_alcove_3

Skill      XL: |  1  2  3 |
---------------+----------+-----
Dodging        | 2 |  2.2
Unarmed Combat | 3 |  3.1
Shapeshifting  | 3 |  3.0
Fighting       | |  1.7
Invocations    | |  0.2

Action                     || total
---------------------------++-------
  Melee: Unarmed           ||   110
         Punch             ||     1
    Use: Potion            ||     3
         Scroll            ||     2
   Stab: Sleeping          ||     2
 Armour: Animal skin       ||    53
         Skin              ||     6
  Dodge: Dodged            ||    46

Table legend: (Time is in decaauts)
 A = Elapsed time spent in this place.
 B = Non-inter-level travel time spent in this place.
 C = Inter-level travel time spent in this place.
 D = Time resting spent in this place.
 E = Time spent auto-exploring this place.
 F = Levels seen in this place.
 G = Mean time per level.
                   A        B        C        D        E       F      G
               +--------+--------+--------+--------+--------+-----+--------+
         Total |   1607 |   1575 |     32 |    100 |   1199 |   3 |  535.7 |
       Dungeon |   1607 |   1575 |     32 |    100 |   1199 |   3 |  535.7 |
               +--------+--------+--------+--------+--------+-----+--------+

Top non-repeatable levels by time:
     D:2: 845 daAuts
     D:1: 729 daAuts
     D:3: 32 daAuts
